 Dungeon Crawl Stone Soup version 0.26-a0-1213-gd52f5182fe (webtiles) character file.

Game seed: 15649160861855565623

58 tilp the Skirmisher (level 4, 0/50 HPs)
             Began as an Ogre Abyssal Knight on Dec 30, 2020.
             Was a Follower of Lugonu.
             Slain by a gnoll
             ... wielding a +0 spear
              (3 damage)
             ... on level 2 of the Dungeon.
             The game lasted 00:02:50 (1735 turns).

tilp the Skirmisher (Ogre Abyssal Knight)           Turns: 1735, Time: 00:02:51

Health: 0/50       AC:  3    Str: 16    XL:     4   Next: 2%
Magic:  5/5        EV: 10    Int: 14    God:    Lugonu [*.....]
Gold:   168        SH:  0    Dex:  8    Spells: 3/3 levels left

rFire    . . .     SeeInvis .   a - +2 mace
rCold    . . .     Faith    .   (no shield)
rNeg     . . .     Spirit   .   b - +0 robe
rPois    .         Reflect  .   (helmet restricted)
rElec    .         Harm     .   (no cloak)
rCorr    .         Rampage  .   (gloves unavailable)
Will     .....                  (boots unavailable)
Stlth    +.........             (no amulet)
HPRegen  0.16/turn              (no ring)
MPRegen  0.09/turn              (no ring)

@: no status effects
A: large, unfitting armour, tough skin 1
a: Renounce Religion, Depart the Abyss


You were on level 2 of the Dungeon.
You worshipped Lugonu.
Lugonu was aware of your devotion.
You visited 1 branch of the dungeon, and saw 2 of its levels.
You visited the Abyss 1 time.

You collected 168 gold pieces.

Inventory:

Hand Weapons
 a - a +2 mace (weapon)
Missiles
 g - 62 stones (quivered)
 m - 3 large rocks
Armour
 b - a +0 robe (worn)
Jewellery
 k - an uncursed amulet of magic regeneration
 l - an uncursed ring of fire
Scrolls
 c - a scroll of amnesia
 d - a scroll of teleportation
 e - 2 scrolls of remove curse
 h - a scroll of noise {unknown}
 i - a scroll of enchant armour {unknown}
 j - a scroll of identify
 n - 3 scrolls of enchant weapon


   Skills:
 + Level 5.2 Fighting
 + Level 2.9 Maces & Flails
 - Level 2.1 Dodging
 - Level 2.0 Invocations


You had 3 spell levels left.
You didn't know any spells.
Your spell library was empty.

Dungeon Overview and Level Annotations

Branches:
Dungeon (2/15)

Altars:


Innate Abilities, Weirdness & Mutations

You are too large for most types of armour.
You have tough skin. (AC +1)


Message History

You closely miss the gnoll.
The gnoll is moderately wounded.
The gnoll hits you with a +0 spear! The gnoll closely misses you.
You are too injured to fight recklessly!
Unknown command.
You hit the gnoll.
The gnoll is heavily wounded.
The gnoll closely misses you.
The gnoll hits you from afar with a +0 spear!
* * * LOW HITPOINT WARNING * * *
The gnoll misses you. The gnoll barely misses you.
You thump the gnoll!
You kill the gnoll!
Lugonu accepts your kill.
The gnoll hits you from afar with a +0 spear!
* * * LOW HITPOINT WARNING * * *
You have reached level 4!
There is a stone staircase leading up here.
The gnoll hits you from afar with a +0 spear.
You die...

#.# ###...#####.#.## #.#
#.......##.#.#
#†########...##.##.#.#
#.##....)....##.##.#.#
#.......##.#.......#.#
#..#.##.##.####.# #.#
#[...##g##.####.####.###
##.####.##......gg......
#.####@##.........#####
#......##.........#####
#########.........##...
##.##...#.##.#.
#...#####.## #. #...
#...... #... ##.....
#.#.#. # #...


You could see a gnoll.

Vanquished Creatures
  A gnoll (D:2)
  An adder (D:2)
  A dart slug (D:1)
  7 bats
  2 giant cockroaches (D:1)
  3 goblins
  6 hobgoblins
  6 jackals (D:1)
  A quokka (D:2)
  A frilled lizard (D:1)
  4 kobolds
  A rat (D:2)
34 creatures vanquished.

Vanquished Creatures (others)
  3 toadstools (D:1)
3 creatures vanquished.

Grand Total: 37 creatures vanquished

Notes
Turn   | Place    | Note
-------+----------+-------------------------------------------
     0 | Abyss:1  | tilp the Ogre Abyssal Knight began the quest for the Orb.
     0 | Abyss:1  | Reached XP level 1. HP: 24/24 MP: 2/2
    94 | Abyss:1  | Found a corrupted altar of Lugonu.
   136 | Abyss:1  | Found a corrupted altar of Lugonu.
   221 | Abyss:1  | Noticed a wraith
   232 | D:1      | Escaped the Abyss
   510 | D:1      | Reached XP level 2. HP: 12/33 MP: 3/3
   611 | D:1      | Reached * piety under Lugonu
   996 | D:1      | Reached XP level 3. HP: 27/40 MP: 4/4
  1518 | D:2      | Reached skill level 5 in Fighting
  1730 | D:2      | HP: 1/42 [gnoll/+0 spear (7)]
  1731 | D:2      | Reached XP level 4. HP: 2/50 MP: 5/5
  1735 | D:2      | Slain by a gnoll

Illustrated notes

Levels and vault maps discovered:
D:1:      dpeg_arrival_circle_labyrinth_c, layout_basic,
          minmay_gold_behind_fungi
D:2:      layout_loops_cross, nzn_hepliaklqana_mist_gate

Skill      XL: |  1  2  3 |
---------------+----------+-----
Maces & Flails | 2 |  2.9
Fighting       | 5 |  5.2
Dodging        | |  2.1
Invocations    | |  2.0

Action                   |  1- 3 |  4- 6 || total
-------------------------+-------+-------++-------
Melee: Mace              |   108 |       ||   108
Throw: Stone             |     5 |       ||     5
Invok: Depart the Abyss  |     1 |       ||     1
  Use: Scroll            |     7 |       ||     7
Armor: Robe              |    44 |       ||    44
Dodge: Dodged            |    99 |       ||    99

Table legend: (Time is in decaauts)
 A = Elapsed time spent in this place.
 B = Non-inter-level travel time spent in this place.
 C = Inter-level travel time spent in this place.
 D = Time resting spent in this place.
 E = Time spent auto-exploring this place.
 F = Levels seen in this place.
 G = Mean time per level.
                   A        B        C        D        E       F      G
               +--------+--------+--------+--------+--------+-----+--------+
         Total |   1763 |   1696 |     67 |    352 |    930 |   3 |  587.7 |
       Dungeon |   1531 |   1464 |     67 |    352 |    713 |   2 |  765.5 |
         Abyss |    232 |    232 |      0 |      0 |    217 |   1 |  232.0 |
               +--------+--------+--------+--------+--------+-----+--------+

Top non-repeatable levels by time:
     D:1: 1288 daAuts
     D:2: 243 daAuts
 Abyss:1: 232 daAuts
